[Event "Aktobe Open 2022"]
[Site "Aktobe"]
[Date "2022.06.20"]
[Round "9.4"]
[White "Sivuk, Vitaly"]
[Black "Utegaliyev, Azamat"]
[Result "1-0"]
[ECO "D52"]
[WhiteElo "2529"]
[BlackElo "2463"]
[Annotator "TA"]
[PlyCount "141"]
[EventDate "2022.06.14"]
[EventType "swiss"]
[EventCountry "KAZ"]
[SourceTitle "playchess.com"]
[Source "ChessBase"]
[SourceQuality "1"]
[TimeControl "5400+30"]

1. d4 Nf6 2. c4 e6 3. Nf3 d5 4. Nc3 c6 5. Bg5 Nbd7 6. e3 Qa5 7. Nd2 Bb4 8. Qc2 dxc4 9. Bxf6 Nxf6 10. Nxc4 Qd5 11. Nd2 {[%emt 0:05:33] D52: Queen's Gambit Declined: Cambridge Springs Variation.} (11. Ne5 {with more complications.} O-O 12. a3 Qe4 13. Qd2) 11... Qd8 {[%emt 0:08:05] [#]} 12. Be2 $146 ({Predecessor:} 12. Bd3 e5 13. dxe5 Ng4 14. Nf3 Qe7 15. O-O Nxe5 16. Nxe5 Qxe5 17. Ne4 Be6 18. a3 Be7 {0-1 (53) Grigorieff,W-Naegeli,O Winterthur 1931}) 12... Nd5 13. O-O {[%emt 0:01:02] White is slightly better.} Nxc3 14. bxc3 Be7 15. f4 O-O 16. Bf3 c5 17. Nc4 Qc7 18. a4 Rb8 19. d5 b6 20. Rad1 exd5 21. Bxd5 Ba6 22. e4 Rbd8 23. Qa2 Bb7 24. Ne3 c4 25. Kh1 $1 (25. Qxc4 Qxc4 26. Nxc4 Bc5+ 27. Kh1 Ba6 $15) 25... Bc5 26. Qxc4 Rc8 27. Nf5 Bxd5 28. Rxd5 (28. exd5 $5 Rfe8 29. h3 $14) 28... g6 29. Nh6+ Kg7 $1 30. Ng4 {[%emt 0:00:10] Black should prevent f5.} h5 31. Ne5 Be7 (31... Bd6 $1 $11 32. Qxc7 Bxc7) 32. Qe2 {[%emt 0:02:42] White is much more active.} (32. Qb5 $1 $16) 32... Rfd8 {[%emt 0:02:07] Inhibits Rd7.} 33. c4 $36 {[%emt 0:04:05][%mdl 2048] White has good play.} Bf6 34. Qf3 Qe7 {[%emt 0:01:08] [#]} (34... Kg8 $11 {remains equal.}) 35. Nd3 $1 $16 {[%emt 0:02:47] e5 is the strong threat. White now steadily converts the win.} Bd4 (35... Rxc4 $16 {was necessary.} 36. e5 Rxd5 37. Qxd5 (37. exf6+ Qxf6 38. Qxd5 Rxa4 $16) 37... Rxa4) 36. f5 $18 Rxd5 37. cxd5 Rc3 38. Qe2 {[%emt 0:03:08] aiming for fxg6.} Be5 $2 (38... Qa3 {keeps fighting.}) 39. h3 (39. fxg6 $142 fxg6 40. Nxe5 Qxe5 41. Rd1 (41. Qf2 Rc8 $16)) 39... Rc8 40. fxg6 fxg6 41. Qf2 Re8 $2 (41... Qd6 42. a5 bxa5 43. Qxa7+ Rc7 44. Qxa5 Re7) 42. Nxe5 Qxe5 {[%emt 0:00:01][%mdl 4096] Endgame KQR-KQR} 43. Qf7+ Kh6 44. Re1 (44. Qxa7 Qxe4 45. Qd7 (45. Qxb6 Qxd5 46. Qb2 Qa5 $16) 45... Re5 $11) 44... Re7 45. Qf8+ Kh7 46. Qd8 (46. Qf3 $18) 46... Re8 (46... Kg7 $16 47. Qc8 (47. Rf1 Rf7 $16) 47... Qd4) 47. Qd7+ Re7 {[%emt 0:00:01] [#]} 48. Qc6 {[%emt 0:00:14] Black must now prevent d6.} Rc7 49. Qb5 Rf7 50. Qd3 {[%emt 0:00:18] And now d6 would win.} Kg7 $2 (50... Rd7 {was called for.} 51. Rd1 Qd6) 51. Rd1 Rd7 52. Kg1 (52. d6 $142) 52... Rc7 {[%emt 0:01:07] Prevents Qc4.} (52... h4 53. Kh1 g5) 53. d6 Rd7 54. Qc4 Qc5+ 55. Qxc5 bxc5 {[%emt 0:00:02] KR-KR} 56. e5 {[%emt 0:00:19] e6 would kill now.} Kf7 57. Rc1 Ke6 58. Rxc5 {[%emt 0:00:04] Strongly threatening Rc7.} Rb7 59. Kf2 {[%emt 0:01:15] Hoping for Rc7.} g5 (59... Rf7+ $142 60. Ke3 Rf5) 60. Ke3 Rb1 61. Kd4 Rd1+ 62. Kc4 a6 63. Kb4 Rd2 64. g3 Rd3 65. Rc3 Rd5 66. Re3 Rd1 67. Kc5 Ra1 68. Rd3 {[%emt 0:00:15] White mates.} Rc1+ 69. Kb6 Kd7 70. e6+ Kd8 71. Rf3 {[%emt 0:00:10] Weighted Error Value: White=0.23 (precise) /Black=0.38} 1-0

[Event "Aktobe Open 2022"]
[Site "Aktobe"]
[Date "2022.06.20"]
[Round "9.5"]
[White "Vokhidov, Shamsiddin"]
[Black "Aitbayev, Aslan"]
[Result "1-0"]
[ECO "C02"]
[WhiteElo "2536"]
[BlackElo "2420"]
[Annotator "TA"]
[PlyCount "127"]
[EventDate "2022.06.14"]
[EventType "swiss"]
[EventCountry "KAZ"]
[SourceTitle "playchess.com"]
[Source "ChessBase"]
[SourceQuality "1"]
[TimeControl "5400+30"]

1. e4 e6 2. d4 d5 3. e5 c5 4. c3 Nc6 5. Nf3 Bd7 6. Be2 Nge7 7. O-O Nf5 8. dxc5 Bxc5 9. Bd3 {[%emt 0:00:01] C02: French: Advance Variation.} Nh4 10. Nbd2 h6 {[%emt 0:05:31] [#]} 11. b4 $146 {[%emt 0:02:32] White is slightly better.} ({Predecessor:} 11. Qe2 Nxf3+ 12. Nxf3 g5 13. b4 Be7 14. a3 Qc7 15. Re1 O-O-O 16. Bd2 Kb8 17. Rac1 {1-0 (26) Rozentalis,E (2610)-Zakharevich,I (2485) St Petersburg 1996}) 11... Bb6 12. b5 (12. a4 $14) 12... Nxf3+ $11 13. Nxf3 Ne7 (13... Na5 $1 $11) 14. Qa4 $14 Qc7 15. Bd2 {[%emt 0:01:01] White is more active.} O-O 16. Qh4 Ng6 17. Qg3 a6 (17... Be8 $14) 18. bxa6 $16 (18. Bxg6 fxg6 19. Qxg6 Bxb5 $14) 18... Rxa6 19. Bxa6 bxa6 20. Rfe1 Qc4 21. h4 Rc8 22. Nd4 ({Don't take} 22. h5 Ne7) (22. Reb1 $16 Bc5 23. h5) 22... Bxd4 $14 23. cxd4 Qxd4 24. h5 {[%emt 0:00:30] Threatens to win with Be3.} Ne7 25. Qf4 ({Don't play} 25. Bxh6 Nf5 26. Be3 Qxa1 27. Rxa1 Nxg3 28. fxg3 Rc2 $17) 25... Qd3 26. Rac1 ({White should try} 26. Qe3 $16 Bb5 27. Rac1) 26... Rc4 (26... Rxc1 $14 27. Rxc1 Nc6) 27. Qe3 $16 Qxe3 28. Bxe3 Bb5 29. Rxc4 dxc4 {[%emt 0:01:42][%mdl 4096] Endgame KRB-KBN} 30. Rc1 Nd5 31. Bd2 {[%emt 0:00:03] Prevents c3.} Kh7 32. f3 g6 33. a4 c3 34. Bxc3 Bxa4 35. hxg6+ $1 Kxg6 36. Kf2 h5 37. Bd2 Kf5 38. Rh1 Kxe5 39. Rxh5+ Kf6 40. Rg5 Bc2 41. Rg8 Bd3 42. g4 e5 $2 {[%emt 0:00:32] [#] This move loses the game for Black.} (42... Ke7 $16 43. Ra8 e5) 43. Re8 $1 $18 Bb5 {[%emt 0:00:14] [#]} (43... Nc7 {is a better defense.}) 44. Bg5+ $1 Kg6 45. Rxe5 Nb4 46. Rf5 Bd7 47. Ra5 Bb5 48. Bd2 {[%emt 0:00:15] Rxb5 is the strong threat.} Nd3+ 49. Kg3 Kf6 (49... f5 $142 50. g5 Nb2) 50. f4 Ke6 51. Kh4 Nf2 52. Ra1 Ne4 53. Be3 Be2 54. Rb1 Bb5 55. Rd1 a5 (55... Nd6 $142 56. Bc5 Ne8) 56. Rb1 Bc6 57. Rb6 Kd5 58. Ra6 a4 59. Ra7 f6 60. Kh5 Be8+ {[%emt 0:00:45] [#]} 61. Kh6 $1 Nd6 62. Kg7 f5 (62... Ne4 $142 63. Kf8 Nd6) 63. g5 Nc4 64. Bc1 {[%emt 0:00:02] Weighted Error Value: White=0.09 (flawless) /Black=0.27 (precise)} 1-0

[Event "Aktobe Open 2022"]
[Site "Aktobe"]
[Date "2022.06.20"]
[Round "9.6"]
[White "Balmagambetov, Timur"]
[Black "Afanasiev, Nikita"]
[Result "0-1"]
[ECO "B40"]
[WhiteElo "1957"]
[BlackElo "2567"]
[Annotator "TA"]
[PlyCount "80"]
[EventDate "2022.06.14"]
[EventType "swiss"]
[EventCountry "KAZ"]
[SourceTitle "playchess.com"]
[Source "ChessBase"]
[SourceQuality "1"]
[TimeControl "5400+30"]

1. e4 c5 2. Nf3 e6 3. g3 d5 4. exd5 exd5 5. d4 Nc6 6. Bg2 {[%emt 0:00:09] B40: Sicilian: 2...e6, Unusual lines.} Bd6 7. O-O Nge7 8. dxc5 {[%emt 0:00:20] White is slightly better.} Bxc5 9. Nbd2 O-O 10. Nb3 Bb6 11. c3 {[%emt 0:00:36] [#]} Bf5 $146 ({Predecessor:} 11... Bg4 12. h3 Bh5 13. Re1 Re8 14. Be3 Bc7 15. Qd2 a5 16. a4 Bb6 17. Bxb6 Qxb6 {1-0 (27) Giri,A (2752)-Agdestein,S (2628) Flor/Fjaere 2014}) 12. Re1 Be4 13. Be3 Nf5 14. Bxb6 Qxb6 15. Qd2 Nd6 16. Nfd4 Ne5 17. Qe2 {[%emt 0:02:59] Threatens to win with f3.} Rfe8 18. Bxe4 dxe4 19. Red1 Nd3 20. Rab1 Rac8 21. Nc2 Nc4 22. Ne1 Qg6 {[%emt 0:09:32] 0x0.0022294719aadp-1022s more active pieces. The white rooks are badly placed.} 23. Kh1 (23. Nd4 $15) 23... Qg4 $1 $36 {[%emt 0:07:12][%mdl 2048] White is under strong pressure.} 24. f3 (24. Qxg4 {was called for.} Nxf2+ 25. Kg1 Nxg4 26. Rd7) 24... Qg6 {[%emt 0:02:57] ...Ncxb2 is the strong threat.} 25. f4 {[%emt 0:00:18] [#]} ({Much weaker is} 25. Nxd3 exd3 26. Qf1 Re2) 25... Qa6 ({Black should try} 25... h5 $1 $19 {[%cal Oh5h4] Strongly threatening ...h4!} 26. Nd4 h4) 26. Nxd3 $15 exd3 27. Qxd3 Qxa2 28. Nc1 Qa4 {[%emt 0:01:42] Hoping for ...Qc6+.} 29. Qf3 {[%emt 0:02:18] Now White is beyond hope.} ({Only move:} 29. Kg1 $1 $15 Ne3 30. Rd2) 29... Re3 $19 30. b3 $2 {[%emt 0:00:05] [#]} (30. Qd5 Nb6 31. Qd2) 30... Qe8 $1 31. Qxb7 (31. Qf2 Qe4+) 31... Re1+ 32. Rxe1 Qxe1+ 33. Kg2 Ne3+ 34. Kh3 Qf1+ {[%emt 0:03:55] Black mates.} 35. Kh4 g5+ {[%emt 0:00:46][%mdl 64] Deflection} 36. Kxg5 Qh3 37. Qe4 Rc5+ 38. Kf6 Qh6+ 39. Ke7 Rc7+ 40. Ke8 Qf8# {[%emt 0:00:05] Weighted Error Value: White=0.61/Black=0.09 (flawless)} 0-1

[Event "Aktobe Open 2022"]
[Site "Aktobe"]
[Date "2022.06.20"]
[Round "9.7"]
[White "Makhnev, Denis"]
[Black "Amanov, Zhanibek"]
[Result "1-0"]
[ECO "D23"]
[WhiteElo "2505"]
[BlackElo "2332"]
[Annotator "TA"]
[PlyCount "52"]
[EventDate "2022.06.14"]
[EventType "swiss"]
[EventCountry "KAZ"]
[SourceTitle "playchess.com"]
[Source "ChessBase"]
[SourceQuality "1"]
[TimeControl "5400+30"]

1. d4 d5 2. Nf3 Nf6 3. c4 c6 4. Qc2 dxc4 5. Qxc4 Bf5 6. g3 e6 7. Bg2 Be7 8. O-O {[%emt 0:00:18] D23: Queen's Gambit Accepted: 3 Nf3 Nf6 sidelines.} O-O 9. Nbd2 h6 10. Qb3 {[%emt 0:01:17] The position is equal.} Qb6 11. Nc4 Qa6 12. Bf4 Rd8 {[%emt 0:01:24] [#]} 13. Rfe1 $146 ({Predecessor:} 13. Rfc1 Be4 14. Bf1 c5 15. Ncd2 cxd4 16. Nxe4 Nxe4 17. Nxd4 Nc5 18. Qf3 Nbd7 19. b4 {1-0 (37) Mis,M (2417)-Luczak,F (2273) Pokrzywna 2021}) 13... Be4 14. Ncd2 Bh7 15. e4 Qb6 {[%emt 0:17:26] Prevents Bc7.} 16. Qc2 c5 17. Nc4 Qb5 18. Bc7 Rc8 (18... Rd7 $11 19. a4 Qa6 20. Bxb8 Rxb8) 19. Bd6 $1 $36 {[%emt 0:04:58][%mdl 2048] White is pushing.} Qd7 ({Black should try} 19... cxd4 $14 20. Bxe7 Qxc4 21. Qxc4 Rxc4) 20. Nfe5 $16 Qd8 {[%emt 0:00:53] [#]} 21. Bxc5 {[%emt 0:02:22] 0x0.001b68b52ab9dp-1022s more active pieces. The black rooks are badly placed.} (21. Qb3 $1 $16 Bxd6 22. Qxb7 (22. Nxd6 $2 Qxd6 23. Nxf7 Kxf7 $19) 22... Bxe5 23. dxe5) 21... Bxc5 $14 22. dxc5 Rxc5 23. Rad1 Qe7 24. Qb3 {[%emt 0:04:15][%cal Ob3b7] aiming for Qxb7!} Nc6 25. Nd3 Rh5 (25... Nd4 $16 26. Qb4 (26. Qc3 Rd8 $11) 26... Rc7 27. Qxe7 Rxe7) 26. Qc3 $18 g5 {[%emt 0:01:15] Weighted Error Value: White=0.06 (flawless) /Black=0.20 (precise)} 1-0

[Event "Aktobe Open 2022"]
[Site "Aktobe"]
[Date "2022.06.20"]
[Round "9.8"]
[White "Sadubayev, Airat"]
[Black "Urazayev, Arystanbek"]
[Result "1/2-1/2"]
[ECO "C45"]
[WhiteElo "2317"]
[BlackElo "2445"]
[Annotator "TA"]
[PlyCount "78"]
[EventDate "2022.06.14"]
[EventType "swiss"]
[EventCountry "KAZ"]
[SourceTitle "playchess.com"]
[Source "ChessBase"]
[SourceQuality "1"]
[TimeControl "5400+30"]

1. e4 e5 2. Nf3 Nc6 3. d4 exd4 4. Nxd4 Nf6 5. Nxc6 bxc6 6. e5 Qe7 7. Qe2 Nd5 8. c4 Nb6 9. Nc3 a5 10. Bd2 {[%emt 0:06:51] C45: Scotch Game.} Ba6 11. Qe4 g6 12. O-O-O Bg7 13. h4 O-O $1 14. f4 {[%emt 0:02:46] [#]} Qe6 $146 ({Predecessor:} 14... f5 15. Qc2 Nxc4 16. Na4 Nxd2 17. Bxa6 Ne4 18. Bc4+ Kh8 19. h5 Ng3 20. hxg6 Nxh1 21. Rxh1 {1-0 (45) Drake Diez De Rivera,P (2484)-Eger,A (2413) ICCF email 2004}) 15. c5 Nc4 16. h5 (16. Be1 $1 $14) 16... d5 $11 17. Qc2 d4 18. Ne4 Nxd2 19. Rxd2 {[%emt 0:01:23] [#] Threatens to win with h6.} Bxf1 20. Rxf1 Qxa2 21. Rxd4 a4 22. Rd3 a3 23. bxa3 Qa1+ 24. Qb1 Rxa3 25. Rff3 Rb8 26. Qxa1 {[%emt 0:00:14] Dancing on a razor blade. Active counter play! The position is equal.} Rxa1+ 27. Kc2 Ra2+ 28. Kc3 Rxg2 29. hxg6 hxg6 30. Rd7 Re2 31. Ng5 Ra2 32. Rfd3 {[%emt 0:01:32] Rd8+ is the strong threat.} Bh6 33. Rxc7 Bxg5 34. fxg5 {[%emt 0:00:05][%mdl 4096] Endgame KRR-KRR} Re2 35. Re7 Rg2 36. Rd6 Rg3+ 37. Kc2 Rg2+ 38. Kc3 Rg3+ 39. Kc2 Rg2+ {[%emt 0:03:08] Weighted Error Value: White=0.07 (flawless) /Black=0.04 (flawless)} 1/2-1/2

[Event "Aktobe Open 2022"]
[Site "Aktobe"]
[Date "2022.06.20"]
[Round "9.9"]
[White "Kuderinov, Kirill"]
[Black "Bekturov, Tamerlan"]
[Result "1-0"]
[ECO "B04"]
[WhiteElo "2409"]
[BlackElo "2241"]
[Annotator "TA"]
[PlyCount "81"]
[EventDate "2022.06.14"]
[EventType "swiss"]
[EventCountry "KAZ"]
[SourceTitle "playchess.com"]
[Source "ChessBase"]
[SourceQuality "1"]
[TimeControl "5400+30"]

1. e4 Nf6 2. e5 Nd5 3. d4 d6 4. exd6 cxd6 5. Nf3 g6 6. Be2 Bg7 7. O-O O-O 8. c4 Nb6 9. Nc3 Bg4 10. Be3 Nc6 11. b3 d5 12. c5 Nc8 13. h3 Bxf3 14. Bxf3 e6 {[%emt 0:00:09] B04: Alekhine's Defence: 4 Nf3.} 15. Ne2 N8e7 16. Ng3 Nf5 {[%emt 0:19:41] Black has an edge.} 17. Nxf5 gxf5 {[%emt 0:00:04] [#]} 18. Qd2 $146 ({Predecessor:} 18. Qd3 Qf6 19. Rac1 Nxd4 20. Bxd4 Qxd4 21. Qxd4 Bxd4 22. Rfd1 Be5 23. c6 bxc6 24. Rxc6 {0-1 (68) Wysocki,J-Cunningham,R Lansing 1987}) 18... Qf6 19. Rad1 f4 20. Bxf4 {[%emt 0:00:06] aiming for Be3.} Nxd4 21. Bg4 Qg6 22. Be3 {[%emt 0:03:06] This bishop pair is nice.} Nf5 ({Black should try} 22... Nb5 $11) 23. Bxf5 $14 Qxf5 24. f4 h5 25. Bd4 Bxd4+ 26. Qxd4 Kh7 27. Rde1 (27. Rfe1 {looks sharper.} Rg8 28. Kh2 Qg6 29. Qf2) 27... f6 {[%emt 0:00:37] Inhibits Re5.} 28. Rf3 Rg8 29. Qd3 {[%emt 0:01:27] [#] Hoping for Rxe6.} Qxd3 30. Rxd3 {[%emt 0:00:02][%mdl 4096] Endgame KRR-KRR} Rge8 31. Rde3 {[%emt 0:01:19] White is more active.} Kg6 32. Rxe6 Rxe6 33. Rxe6 $16 {[%emt 0:00:02] KR-KR} Kf5 34. Rd6 Ke4 35. Rxf6 d4 36. Kf2 Kd3 $2 {[%emt 0:03:03][%mdl 8192] Black cannot hold the game after this.} (36... Rc8 $16) 37. g4 $18 {[%emt 0:00:59] White is clearly winning.} hxg4 38. hxg4 {[%emt 0:00:04][%cal Bh3g4,Bg4g5][%mdl 32] [#] Strongly threatening g5.} Kc2 (38... Ke4 $142 39. g5 Rh8) 39. c6 bxc6 40. Rxc6+ Kd2 41. g5 {[%emt 0:00:51] Weighted Error Value: White=0.03 (flawless) /Black=0.43} 1-0

[Event "Aktobe Open 2022"]
[Site "Aktobe"]
[Date "2022.06.20"]
[Round "9.10"]
[White "Dauletova, Gulmira"]
[Black "Volkov, Sergey"]
[Result "1/2-1/2"]
[ECO "C07"]
[WhiteElo "2220"]
[BlackElo "2510"]
[Annotator "TA"]
[PlyCount "143"]
[EventDate "2022.06.14"]
[EventType "swiss"]
[EventCountry "KAZ"]
[SourceTitle "playchess.com"]
[Source "ChessBase"]
[SourceQuality "1"]
[TimeControl "5400+30"]

1. e4 e6 2. d4 d5 3. Nd2 a6 4. Bd3 c5 5. dxc5 Bxc5 6. Ngf3 Ne7 7. O-O Nbc6 8. a3 O-O {[%emt 0:01:45] C07: French Tarrasch: 3...c5, 4 Ngf3 and 4 exd5 Qxd5.} 9. exd5 exd5 10. b4 Bb6 {[%emt 0:02:24] [#]} 11. Bb2 $146 ({Predecessor:} 11. Nb3 Ng6 12. Re1 Bg4 13. h3 Bxf3 14. Qxf3 Nce5 15. Qf5 Nxd3 16. Qxd3 Qh4 17. Be3 Nf4 18. Qf5 Bc7 19. Rad1 Rfe8 20. g3 g6 21. Qxf4 {1-0 (21) Kilic,E (2241)-Erdogan,A (2090) Antalya 2019}) 11... Bf5 12. Nb3 Rc8 13. Nbd4 Bg6 14. Re1 Nxd4 15. Nxd4 Qd7 16. Qf3 Bxd3 17. cxd3 Bxd4 18. Bxd4 Nc6 19. Qf4 {[%emt 0:21:58][%cal Od4g7] aiming for Bxg7!} f6 20. Re3 g5 21. Rg3 h6 22. Bc5 ({Not} 22. Bxf6 $2 Qe6 23. Rxg5+ hxg5 24. Qxg5+ Kf7 $19) 22... Rf7 (22... Kh7 $5 23. Qf3 Ne5 $14) 23. Re1 (23. Qh4 {seems wilder.} Kh7 24. Qh5 Rg8 25. f4) 23... Kh7 24. Qd2 d4 {[%emt 0:01:41] Prevents Rge3.} 25. f4 g4 26. h3 (26. f5 $1 $11) 26... f5 $17 27. hxg4 fxg4 {[%emt 0:02:08] [#] White must now prevent ...h5.} 28. Re4 h5 {[%emt 0:38:07] Hoping for ...h4.} 29. f5 $2 (29. Qe2 $17) 29... Qxf5 $19 30. Qe2 Rd8 31. a4 Rdd7 32. b5 axb5 33. axb5 Qxc5 34. bxc6 Qxc6 (34... bxc6 $19 35. Re5 Rd5 36. Qe4+ Kh8) 35. Re5 $11 {[%emt 0:00:50] Against Rde7} Qg6 {[%emt 0:00:00] Threatens to win with ...Rf5.} 36. Rxh5+ Qxh5 37. Rh3 $1 Qxh3 38. Qe4+ Kg8 39. gxh3 gxh3 {[%emt 0:00:00][%mdl 4096] Endgame KQ-KRR} 40. Qe8+ Kg7 41. Qe5+ Rf6 42. Kh2 b6 43. Kxh3 Kf7 44. Qe4 Re6 45. Qh7+ Ke8 46. Qg8+ Ke7 47. Kg4 Kd6 48. Kf5 Ree7 49. Qb8+ Kc5 50. Qc8+ Rc7 51. Qa6 Rf7+ 52. Kg4 $1 Kc6 53. Qc4+ (53. Qa8+ $11 Kb5 54. Qd5+ Ka6 55. Qa2+ Kb7 56. Qd5+ Ka7 57. Qa2+ Kb8 58. Qb3) 53... Kb7 $17 54. Qd5+ Ka7 55. Qxd4 (55. Qa2+ $17 Kb8 56. Qb3) 55... Rc8 $2 ({Better is} 55... Rg7+ $19 56. Kf4 Rgd7) 56. Qa1+ $2 (56. Kh4 $1 $15) 56... Kb7 $19 57. Qh1+ Kc7 58. Qh2+ {[%emt 0:00:29] [#]} Kd7 $1 ({Weaker is} 58... Kb7 59. Qg2+ Rc6 60. Qd5 $17) 59. Qh5 Rg8+ (59... Rcf8 $17) 60. Kh3 Rfg7 61. Qd5+ {[%emt 0:00:39] The position is equal.} Kc7 62. Qc4+ Kb8 {[%emt 0:01:11] ( -> ...Rh7+)} 63. Qf4+ Rc7 64. Qd6 $1 {[%emt 0:00:09] Prevents Rd8.} Rh8+ 65. Kg4 Kb7 66. Qd5+ Ka7 67. Qa2+ Kb8 {[%emt 0:00:06] ...Rd8 is the strong threat.} 68. Qe6 Rg7+ 69. Kf3 {[%emt 0:00:09] Strongly threatening Qe5+.} Rf8+ 70. Ke3 Ka7 {[%emt 0:02:07] And now ...Rd8 would win.} 71. Qa2+ Kb8 72. Qe6 {[%emt 0:00:02] Inhibits Re8.  Weighted Error Value: White=0.35/Black=0.21 (precise)} 1/2-1/2